Map: Dusk Towers

Players

sTyLiN - Winner!

  • Race: Terran Terran
  • League: Gold

LilDicky

  • Race: Zerg Zerg
  • League: Diamond

VOD

http://www.twitch.tv/tumescentpie

Description

Time

  • Played on: Dec. 6, 2015, 12:50 p.m.
  • Length: 11:56
Show
View Real Time Build Order
Export as new Build Order

sTyLiN Terran - Winner!

Build Orders: Command Center First (CC), MMM Bio 

Get SALT Encoding   

  12  0:01  SCV  
  13  0:13  SCV  
  14  0:24  Supply Depot  
  14  0:25  SCV  
  15  0:45  SCV  
  16  0:57  Command Center  
  16  1:00  SCV  
  17  1:12  SCV  
  17  1:14  Barracks  
  18  1:25  SCV  
  19  1:31  Refinery  
  19  1:37  SCV  
  20  1:49  Supply Depot, SCV  
  21  2:01  Orbital Command  
  21  2:03  Supply Depot  
  21  2:10  Refinery  
  21  2:13  Marine  
  22  2:30  Marine  
  22  2:33  Factory  
  22  2:34  SCV  
  24  2:42  Orbital Command  
  24  2:47  SCV  
  24  2:48  Marine  
  26  2:59  SCV  
  27  3:06  Marine  
  27  3:08  SCV  
  27  3:11  SCV  
  30  3:19  Factory Reactor  
  30  3:20  SCV  
  30  3:21  Starport  
  30  3:23  SCV  
  30  3:25  Marine  
  33  3:33  SCV  
  34  3:35  SCV  
  35  3:49  Barracks Tech Lab, Barracks  
  35  3:57  Hellion x2  
  35  4:02  Starport Reactor  
  39  4:05  SCV  
  39  4:08  SCV  
  39  4:09  Supply Depot  
  41  4:10  Supply Depot  
  41  4:12  Combat Shields  
  41  4:13  Marine  
  42  4:17  SCV  
  42  4:18  Hellion x2  
  42  4:20  SCV  
  48  4:31  Marine  
  49  4:39  Barracks Tech Lab, Hellion  
  49  4:40  Hellion  
  49  4:44  Barracks, Medivac  
  49  4:45  Medivac  
  57  4:49  Marine  
  57  4:51  Supply Depot  
  58  4:55  SCV x2  
  60  5:03  Marine  
  60  5:06  Marine  
  62  5:13  Stimpack  
  62  5:14  Medivac  
  62  5:15  Medivac  
  62  5:17  Hellion x2  
  62  5:20  Marine  
  71  5:24  Marine  
  72  5:32  SCV x2  
  74  5:37  Supply Depot  
  74  5:39  Hellion x2  
  74  5:40  Supply Depot  
  78  5:58  Supply Depot  
  78  5:59  SCV x2, Supply Depot, Marine x2  
  82  6:09  Engineering Bay  
  82  6:10  Armory  
  82  6:11  SCV x2  
  82  6:12  Hellion x2  
  82  6:13  Medivac  
  82  6:17  Marine x2  
  92  6:23  SCV  
  91  6:34  Marine x2  
  91  6:35  Hellion x2  
  91  6:36  Medivac  
  83  6:43  Medivac  
  77  6:52  Marine x2  
  79  7:00  Barracks  
  79  7:01  Barracks  
  79  7:02  Barracks  
  79  7:10  Marine x2  
  81  7:16  Command Center  
  81  7:23  Factory Tech Lab  
  81  7:28  Marine  
  81  7:29  Medivac x2  
  86  7:33  Barracks Tech Lab  
  86  7:34  Concussive Shells  
  86  7:35  Marine  
  87  7:44  Refinery  
  87  7:46  SCV x2, Refinery, Marauder  
  87  7:51  Missile Turret  
  91  7:53  Marine  
  91  7:54  Terran Infantry Weapons Level 1  
  91  7:58  SCV x2  
  94  8:07  Supply Depot  
  94  8:08  Supply Depot, Marauder  
  94  8:09  Supply Depot  
  94  8:11  Barracks Tech Lab x2, Marine  
  94  8:12  Barracks Reactor  
  97  8:23  Barracks  
  97  8:25  Marine  
  98  8:29  Marauder, Marine  
  101  8:37  Missile Turret  
  101  8:42  Orbital Command  
  101  8:44  SCV x2, Marauder  
  101  8:46  Marine  
  101  8:47  Marine  
  101  8:48  Marine  
  107  8:50  Marine  
  107  8:54  Cyclone  
  112  8:56  SCV, Terran Vehicle Weapons Level 1  
  113  9:04  Refinery  
  113  9:07  SCV x2, Refinery  
  113  9:08  SCV  
  116  9:14  Supply Depot  
  116  9:17  Supply Depot  
  116  9:18  Supply Depot  
  116  9:19  SCV  
  116  9:20  Marine  
  116  9:21  Marauder x2, Marine x2  
  124  9:26  Cyclone  
  127  9:36  SCV x3  
  130  9:47  Medivac x2  
  130  9:48  SCV x3  
  130  9:50  Marauder x2, Marine x2  
  130  9:52  Marine x2  
  144  9:58  Cyclone  
  148  10:05  Barracks  
  148  10:07  Marine  
  148  10:08  Marine  
  148  10:09  Barracks  
  148  10:10  Marauder  
  148  10:11  Marine, Marauder  
  148  10:12  Marauder  
  157  10:17  Medivac x2  
  161  10:25  Marine x2  
  163  10:29  Marauder  
  163  10:30  Cyclone  
  163  10:31  Marine  
  163  10:32  Marauder  
  163  10:33  Marauder  
  161  10:43  Marine  
  161  10:44  Marine  
  139  10:50  Marine, Marauder  
  139  10:53  Marauder  
  139  10:54  Marine  
  141  10:58  Marine  
  141  10:59  Marine  
  141  11:01  Marine  
  141  11:02  Marine  
  141  11:04  Cyclone  
  148  11:09  Marauder  
  152  11:11  Marauder  
  152  11:12  Marine  
  152  11:14  Marine  
  152  11:16  Marine  
  146  11:29  Marine x3  
  146  11:30  Marauder x2  
  157  11:32  Marauder  
  157  11:33  Marauder  
  157  11:34  Marine  
Show
View Real Time Build Order
Export as new Build Order

LilDicky Zerg 

Build Orders: Hatch First, Swarm Host 

Get SALT Encoding   

  12  0:02  Drone  
  13  0:14  Drone  
  14  0:38  Hatchery, Drone  
  14  1:23  Overlord  
  14  1:24  Spawning Pool  
  13  1:27  Hatchery  
  12  1:44  Drone, Extractor  
  12  1:45  Drone x2  
  14  2:18  Drone  
  14  2:19  Queen x2  
  19  2:40  Drone x3  
  22  2:44  Drone  
  22  2:45  Queen  
  22  2:46  Zergling x2  
  26  3:07  Metabolic Boost  
  26  3:20  Queen  
  26  3:21  Spine Crawler  
  26  3:25  Extractor  
  26  3:34  Drone  
  26  3:35  Drone x6  
  33  3:41  Overlord  
  32  4:01  Lair  
  32  4:08  Queen  
  34  4:11  Drone x3  
  34  4:16  Overlord  
  37  4:41  Roach Warren  
  36  4:47  Overlord  
  36  5:07  Drone x5  
  36  5:08  Drone x4  
  45  5:31  Overlord x2  
  45  5:33  Drone x5  
  50  5:37  Drone x3  
  50  5:38  Drone x4  
  50  5:39  Overlord  
  50  5:40  Overlord  
  57  6:09  Roach  
  57  6:10  Roach x12  
  83  6:19  Roach x3  
  85  6:57  Drone  
  85  6:58  Drone x4  
  85  6:59  Overlord x4  
  90  7:15  Extractor  
  89  7:16  Extractor  
  89  7:17  Spire  
  89  7:19  Glial Reconstitution  
  87  7:26  Extractor x2  
  85  7:42  Roach x6  
  85  7:43  Roach x8  
  113  7:53  Drone x4  
  117  8:05  Burrow  
  117  8:06  Roach x2  
  121  8:35  Overlord  
  121  8:36  Overlord x4  
  121  8:44  Drone  
  122  8:57  Hatchery  
  121  9:03  Infestation Pit  
  121  9:06  Drone x9  
  121  9:07  Hatchery, Drone x4  
  132  9:23  Drone x6  
  132  9:24  Drone x3  
  141  9:48  Hive  
  141  9:54  Evolution Chamber  
  141  9:56  Evolution Chamber  
  139  10:29  Swarm Host x11  
  139  10:33  Ravager x2  
  139  10:34  Overlord  
  139  10:35  Overlord x7  
  160  10:49  Roach  
  136  10:50  Roach x4  
  114  11:19  Roach x4  
  114  11:20  Roach x8  
Tags
 
Add a new tag
Caveats
  • Supply blocks, unpowered buildings, or Contaminate may cause inaccurate times.
  • Supply counts are checked every 10 seconds.